 Dungeon Crawl Stone Soup version 0.28.0-43-g3370ac3207 (webtiles) character file.

Game seed: 13758075642381834520

4 Arcadio the Caller (level 1, 0/10 HPs)
             Began as a Tengu Summoner on Mar 10, 2022.
             Succumbed to a kobold's poison
             ... on level 1 of the Dungeon.
             The game lasted 00:00:38 (192 turns).

Arcadio the Caller (Tengu Summoner)                  Turns: 192, Time: 00:00:39

Health: 0/10       AC:  2    Str:  8    XL:     1   Next: 60%
Magic:  3/4        EV: 12    Int: 15    God:
Gold:   0          SH:  0    Dex: 14    Spells: 3/4 levels left

rFire   . . .      SeeInvis .   b - staff of air
rCold   . . .      Faith    .   (no shield)
rNeg    . . .      Spirit   .   a - +0 robe
rPois   .          Reflect  .   (helmet restricted)
rElec   +          Harm     .   (no cloak)
rCorr   .          Rampage  .   (no gloves)
Will    .....                   (boots unavailable)
Stlth   ++........              (no amulet)
HPRegen 0.03/turn               (no ring)
MPRegen 0.09/turn               (no ring)

@: lethally poisoned (0 -> -2)
A: beak, talons 3
a: no special abilities


You were on level 1 of the Dungeon.
You visited 1 branch of the dungeon, and saw 1 of its levels.

Inventory:

Armour
 a - a +0 robe (worn)
Magical Staves
 b - a staff of air (weapon)


   Skills:
 + Level 2.3 Dodging
 - Level 2.0 Stealth
 + Level 2.1 Spellcasting
 + Level 4.9 Summonings


You had 3 spell levels left.
You knew the following spells:

 Your Spells              Type           Power      Damage    Failure   Level
a - Summon Small Mammal   Summ           64%        N/A       3%          1

Your spell library contained the following spells:

 Spells                   Type           Power      Damage    Failure   Level
 Call Imp                 Summ           16%        N/A       4%          2
 Call Canine Familiar     Summ           16%        N/A       9%          3
 Summon Guardian Golem    Hex/Summ       8%         N/A       24%         3
 Summon Lightning Spire   Summ/Air       13%        N/A       63%         4


Dungeon Overview and Level Annotations

Branches:
Dungeon (1/15)

Altars:


Innate Abilities, Weirdness & Mutations

You have a beak for a mouth.
You have claws for feet.


Message History

You closely miss the rat. The rat misses you. The rat closely misses you.
You hit the rat.
You kill the rat!
HP restored.
Things that are here:
a rat corpse; a hobgoblin corpse
Found a stone staircase leading down.
Found 17 stones.
Found a stone staircase leading down.
A kobold and an endoplasm come into view.
The kobold is wielding a +0 dagger of venom.
The kobold shouts!
The endoplasm quivers.
You hear an angry hiss.
A ball python comes into view.
The kobold hits you but does no damage.
You are lethally poisoned!
You completely miss the kobold. You claw the kobold.
You peck the kobold, but do no damage.
The kobold is severely wounded.
You feel very sick. The kobold misses you.
You hit the kobold but do no damage. Your kick misses the kobold.
Your peck misses the kobold.
The kobold is severely wounded.
You feel sick. The kobold misses you.
You feel sick.
Casting: Summon Small Mammal (safe; 3% risk of failure)
Confirm with . or Enter, or press ? or * to list all spells.
* * * LOW HITPOINT WARNING * * *
You feel sick. The kobold hits you but does no damage.
The endoplasm jiggles.
The ball python bites your quokka but does no damage.
The ball python barely misses your quokka.
* * * LOW HITPOINT WARNING * * *
You feel sick.
* * * LOW HITPOINT WARNING * * *
You feel sick.
Your quokka bites the kobold but does no damage.
You die...

#####....####...###
.........##...###
......>#...##
#S...##...###
#..r.####...###
####K# ###...#
#J####...###
#.##...### #@#...##
#.##...###
#.####...###
#.######...#
#.........##
###########


You could see an endoplasm, a kobold (ally target) and a friendly quokka
(summoned).

Vanquished Creatures
  A hobgoblin (D:1)
  A bat (D:1)
  A rat (D:1)
3 creatures vanquished.

Vanquished Creatures (collateral kills)
  An endoplasm (D:1)
1 creature vanquished.

Grand Total: 4 creatures vanquished

Notes
Turn   | Place    | Note
-------+----------+-------------------------------------------
     0 | D:1      | Arcadio the Tengu Summoner began the quest for the Orb.
     0 | D:1      | Reached XP level 1. HP: 10/10 MP: 4/4
   192 | D:1      | Succumbed to a kobold's poison

Illustrated notes

Levels and vault maps discovered:
D:1:      dpeg_arrival_stonehenge_12_columns, layout_rooms, serial_curves,
          eino_curves_01, eino_curves_03, eino_curves_03, eino_curves_02

Action                   || total
-------------------------++-------
Melee: Staff             ||    10
       Kick              ||     3
       Peck              ||     3
 Cast: Summon Small Mamm ||     3
Armor: Robe              ||     4
Dodge: Dodged            ||     9
